 Dungeon Crawl Stone Soup version 0.25-a0-1130-g3926558f3a (webtiles) character file.

Game seed: 15132855473097213240, levelgen mode: deterministic

121 Flugslaktarn the Chiller (level 5, -2/25 HPs)
             Began as a Vine Stalker Ice Elementalist on May 19, 2020.
             Was an Initiate of Makhleb.
             Slain by a bullfrog (6 damage)
             ... on level 6 of the Dungeon.
             The game lasted 00:09:22 (1403 turns).

Flugslaktarn the Chiller (VSIE)                     Turns: 1403, Time: 00:09:23

Health: -2/25      AC:  2    Str: 11      XL:     5   Next: 5%
Magic:  0/4        EV: 12    Int: 17 (18) God:    Makhleb [......]
Gold:   131        SH:  0    Dex: 11      Spells: 8/12 levels left

rFire    . . .     SeeInvis .   j - +4 whip "Zaziebu" {antimagic, Fragile +Blink rPois Dex-3}
rCold    . . .     Gourm    .   (no shield)
rNeg     . . .     Faith    .   a - +0 robe
rPois    +         Spirit   +   (no helmet)
rElec    .         Reflect  .   (no cloak)
rCorr    .         Harm     .   (no gloves)
MR       .....     Rnd*Rage +   (no boots)
Stlth    ++........             (no amulet)
HPRegen  0.48/turn              (no ring)
MPRegen  0.09/turn              (no ring)

@: no status effects
A: fangs 2, berserk 1, blurry vision 2, clever 1, regeneration 1, magic shield,
antimagic bite, no potion heal 3, rot immunity
a: Renounce Religion, Evoke Blink


You were on level 6 of the Dungeon.
You worshipped Makhleb.
Makhleb was noncommittal.
You were very hungry.

You visited 2 branches of the dungeon, and saw 7 of its levels.

You collected 131 gold pieces.

Inventory:

Hand Weapons
 j - the +4 whip "Zaziebu" (weapon) {antimagic, Fragile +Blink rPois Dex-3}
   (You found it on level 5 of the Dungeon)

   It reduces the magical energy of the wielder, and disrupts the spells and
   magical abilities of those hit.
   Natural abilities and divine invocations are not affected.
   It affects your dexterity (-3).
   It protects you from poison.
   It lets you blink.
   It will be destroyed if unequipped.
Missiles
 h - 9 poisoned darts (quivered)
Armour
 a - a +0 robe (worn)
 g - a +0 kite shield
   (You found it on level 1 of the Dungeon)
Jewellery
 d - a +6 ring of intelligence {unknown}
   (You found it on level 1 of the Dungeon)
 i - an uncursed ring of positive energy {unknown}
   (You found it on level 2 of the Dungeon)
Wands
 k - a wand of enslavement (9)
   (You found it on level 6 of the Dungeon)
 v - a wand of digging (6)
   (You found it on level 6 of the Dungeon)
Scrolls
 f - a scroll of enchant armour
 r - a scroll of identify
 t - a scroll of teleportation
 x - a scroll of remove curse
 z - a scroll of blinking
Comestibles
 c - a chunk of flesh
 e - 4 rations


   Skills:
 - Level 1.0 Fighting
 - Level 1.5 Dodging
 - Level 2.4 Stealth
 - Level 0.2 Unarmed Combat
 - Level 4.0 Spellcasting
 + Level 4.9 Ice Magic


You had 8 spell levels left.
You knew the following spells:

 Your Spells              Type           Power        Failure   Level  Hunger
a - Freeze                Ice            ###.         1%          1    None
b - Frozen Ramparts       Ice            ###...       6%          3    ###....

Your spell library contained the following spells:

 Spells                   Type           Power        Failure   Level  Hunger
 Ozocubu's Armour         Chrm/Ice       ##......     17%         3    ###....
 Hailstorm                Conj/Ice       ##......     50%         4    ####...
 Summon Ice Beast         Ice/Summ       ##......     50%         4    ####...


Dungeon Overview and Level Annotations

Branches:
Dungeon (6/15)             Temple (1/1) D:4

Altars:
Ashenzari
Dithmenos
Fedhas
Gozag
Hepliaklqana
Makhleb
Nemelex Xobeh
Okawaru
Ru
Uskayaw
Vehumet
Wu Jian
Xom
Yredelemnul
Zin
The Shining One

Shops:
D:4 (


Innate Abilities, Weirdness & Mutations

You have extremely sharp teeth.
Your natural rate of healing is unusually fast.
When hurt, damage is shared between your health and your magic reserves.
Your bite disrupts and absorbs the magic of your enemies.
Potions cannot restore your health.
You are immune to rotting.
You tend to lose your temper in combat.
Scrolls take you longer to read.
Your mind is acute. (Int +2)


Message History

* * * LOW HITPOINT WARNING * * *
The orc wizard begins to cast a cantrip, but forgets the words!
Unknown command.
The bullfrog misses you.
Found a kite shield.
Unknown command.
The bullfrog closely misses you.
You are feeling very hungry.
The orc wizard casts a spell.
The orc wizard seems to speed up.
The orc wizard casts a spell at you. The puff of flame hits you.
* * * LOW HITPOINT WARNING * * *
The bullfrog barely misses you. The bullfrog barely misses you.
Okay, then.
It was a potion of mutation.
You feel extremely strange.
Your vision blurs. x2; You feel a little pissed off.
You feel clever. The bullfrog hits you.
You die...

.......................+
(.(.((..............####
.................(..##
......................#
..........o.........#.#
...........o........#.#
............o.......# #
............Z.......#
.............F@.....#
.[.................#
#.#####.########### #.
##


You could see a bullfrog, an orc wizard (fast), 2 orcs and an adder skeleton.

Vanquished Creatures
  A centaur zombie (D:5)
  A gnoll (D:2)
  An adder (D:4)
  2 shadow imps (D:5)
  4 leopard geckos
  4 orcs
  A giant cockroach (D:2)
  3 goblins
  3 hobgoblins
  8 jackals
  3 kobolds (D:2)
  A quokka (D:2)
  A ball python (D:2)
  4 bats
  4 frilled lizards
  5 rats
46 creatures vanquished.

Notes
Turn   | Place    | Note
-------+----------+-------------------------------------------
     0 | D:1      | Flugslaktarn the Vine Stalker Ice Elementalist began the
                  | quest for the Orb.
     0 | D:1      | Reached XP level 1. HP: 9/9 MP: 4/4
   143 | D:2      | Reached XP level 2. HP: 4/13 MP: 0/6
   255 | D:2      | Found a glowing silver altar of Zin.
   255 | D:2      | Found an iron altar of Okawaru.
   339 | D:2      | Reached skill level 1 in Fighting
   372 | D:2      | Reached XP level 3. HP: 6/18 MP: 2/8
   455 | D:1      | You fall into a shaft and drop 1 floor!
   513 | D:2      | Learned a level 3 spell: Frozen Ramparts
   649 | D:4      | Found a staircase to the Ecumenical Temple.
   658 | Temple   | Entered the Ecumenical Temple
   834 | Temple   | Became a worshipper of Makhleb the Destroyer
   889 | D:4      | Found Jenow's Weapon Emporium.
  1160 | D:3      | Gained mutation: Your natural rate of healing is unusually
                  | fast. [Vine Stalker growth]
  1160 | D:3      | Reached XP level 4. HP: 16/22 MP: 8/10
  1230 | D:5      | Entered Level 5 of the Dungeon
  1237 | D:5      | Got a smoking whip
  1238 | D:5      | Identified the +4 whip "Zaziebu" {antimagic, Fragile +Blink
                  | rPois Dex-3} (You found it on level 5 of the Dungeon)
  1321 | D:5      | Reached XP level 5. HP: 25/25 MP: 2/12
  1403 | D:6      | Gained mutation: Scrolls take you a little longer to read.
                  | [potion of mutation]
  1403 | D:6      | Gained mutation: Scrolls take you longer to read. [potion
                  | of mutation]
  1403 | D:6      | Gained mutation: You tend to lose your temper in combat.
                  | [potion of mutation]
  1403 | D:6      | Gained mutation: Your mind is acute. (Int +2) [potion of
                  | mutation]
  1403 | D:6      | Slain by a bullfrog

Illustrated notes

Levels and vault maps discovered:
D:1:      dpeg_arrival_chambers_temple_mockup, layout_basic
D:2:      layout_basic, grunt_temple_overflow_open, elyvilon_altar_5
D:3:      minmay_octagon_keep, layout_basic, lemuel_doored_altar,
          old_standard_altar
D:4:      kennysheep_goblin_castle, layout_loops_cross,
          minmay_temple_entry_large_hall, ebering_ghost_sewer_d, serial_shops,
          kennysheep_mini_moat, kennysheep_small_circle, uniq_robin
D:5:      layout_loops_ring, slow_altar_1, serial_shops, shop, first_ration,
          fedhas_altar_3, uniq_menkaure, uniq_grinder, uniq_edmund
D:6:      layout_basic
Temple:   minmay_temple_curvy_branch

Skill      XL: |  1  2  3  4 |
---------------+-------------+-----
Spellcasting   | 3 4 |  4.0
Fighting       | 1 |  1.0
Dodging        | |  1.5
Stealth        | |  2.4
Unarmed Combat | |  0.2
Ice Magic      | |  4.9

Action                   |  1- 3 |  4- 6 || total
-------------------------+-------+-------++-------
Melee: Unarmed           |    17 |       ||    17
       Bite              |     2 |     5 ||     7
       Whip              |       |    26 ||    26
Throw: Dart              |       |     4 ||     4
 Cast: Freeze            |    36 |     7 ||    43
       Frozen Ramparts   |     2 |     1 ||     3
  Use: Scroll            |     3 |     1 ||     4
       Potion            |     2 |     1 ||     3
 Stab: Sleeping          |     1 |       ||     1
  Eat: Chunk             |       |     1 ||     1
Armor: Robe              |     5 |     2 ||     7
Dodge: Dodged            |    35 |    26 ||    61

Table legend:
 A = Non-vault XP
 B = Vault XP
 C = Vault XP percentage of total XP
 D = Non-vault monster count
 E = Vault monster count
 F = Vault count percentage of total count
                 A         B        C        D         E       F
            +---------+---------+-------+---------+---------+-------
      Total |     173 |       0 |   0.0 |      46 |       0 |   0.0
            +---------+---------+-------+---------+---------+-------
        D:1 |      13 |       0 |   0.0 |       8 |       0 |   0.0
        D:2 |      36 |       0 |   0.0 |      14 |       0 |   0.0
        D:3 |      21 |       0 |   0.0 |      12 |       0 |   0.0
        D:4 |      16 |       0 |   0.0 |       2 |       0 |   0.0
        D:5 |      87 |       0 |   0.0 |      10 |       0 |   0.0
            +---------+---------+-------+---------+---------+-------
